Map: Prion Terraces

Players

LiquidTLO (TLO) - Winner!

  • Race: Zerg Zerg
  • League: Grandmaster

TOP

  • Race: Terran Terran

Event: Homestory Cup XII

VOD

https://www.youtube.com/watch?v=aKok3WWk76o

Description

Time

  • Played on: Dec. 17, 2015, 5:42 p.m.
  • Length: 19:34

All games in this series

Show
View Real Time Build Order
Export as new Build Order

LiquidTLO Zerg - Winner!

Build Orders: Hatch First 

Get SALT Encoding   

  12  0:01  Drone  
  13  0:12  Overlord  
  13  0:17  Drone  
  14  0:30  Drone x2  
  16  0:37  Drone  
  17  0:51  Hatchery  
  17  0:54  Drone  
  17  1:08  Spawning Pool  
  16  1:11  Drone  
  16  1:14  Extractor  
  16  1:16  Drone  
  17  1:21  Drone  
  18  1:28  Drone  
  19  1:38  Overlord  
  19  1:54  Queen  
  19  1:55  Zergling x2  
  22  2:02  Queen, Zergling x2  
  22  2:04  Drone  
  26  2:09  Roach Warren  
  26  2:13  Drone  
  26  2:17  Drone  
  27  2:24  Overlord  
  27  2:31  Zergling x2  
  27  2:38  Queen  
  29  2:49  Roach x2  
  29  2:50  Roach  
  35  3:00  Overlord  
  35  3:02  Drone x2  
  35  3:05  Drone  
  38  3:07  Drone  
  38  3:12  Drone  
  40  3:15  Ravager  
  40  3:18  Drone  
  40  3:19  Ravager  
  43  3:20  Drone  
  43  3:24  Drone  
  45  3:29  Drone x2  
  47  3:36  Roach  
  47  3:39  Roach  
  49  3:41  Drone  
  49  3:48  Extractor  
  49  3:49  Extractor  
  49  3:52  Drone  
  49  3:58  Hatchery  
  49  4:01  Roach  
  49  4:02  Roach  
  52  4:05  Roach  
  52  4:09  Zergling x2  
  52  4:23  Roach  
  52  4:25  Roach  
  52  4:29  Metabolic Boost  
  51  4:40  Roach  
  51  4:42  Drone  
  51  4:43  Drone  
  51  4:44  Drone  
  51  4:45  Drone x2  
  52  4:51  Overlord  
  52  4:52  Overlord  
  52  5:00  Ravager  
  52  5:03  Overlord  
  52  5:06  Overlord  
  52  5:10  Roach x3  
  52  5:11  Roach x2  
  52  5:13  Roach  
  62  5:18  Roach  
  59  5:28  Roach  
  59  5:29  Roach  
  59  5:34  Roach  
  60  5:38  Zergling x2  
  60  5:39  Zergling x2  
  56  5:43  Zergling x4  
  56  5:46  Zergling x2  
  56  5:48  Roach  
  61  5:50  Drone  
  61  5:52  Drone  
  61  5:54  Drone  
  63  5:57  Drone  
  63  6:00  Drone  
  63  6:01  Drone  
  63  6:02  Drone  
  63  6:03  Drone  
  66  6:05  Drone  
  66  6:09  Drone  
  67  6:11  Drone  
  67  6:20  Evolution Chamber  
  67  6:21  Evolution Chamber  
  65  6:30  Ravager x4  
  65  6:32  Drone x3  
  72  6:33  Drone  
  72  6:34  Extractor, Queen  
  72  6:36  Drone x2  
  72  6:37  Drone, Extractor x2  
  75  6:42  Drone  
  75  6:44  Queen  
  75  6:45  Drone  
  79  6:47  Drone  
  79  6:53  Drone x2  
  82  6:55  Zerg Ground Armor Level 1  
  82  7:02  Drone  
  82  7:03  Drone  
  82  7:05  Drone  
  82  7:06  Drone  
  86  7:13  Roach  
  88  7:22  Roach  
  88  7:23  Roach  
  88  7:27  Overlord  
  88  7:31  Overlord  
  88  7:34  Overlord x2, Zergling x4  
  88  7:35  Lair  
  88  7:36  Zerg Missile Weapons Level 1  
  90  7:37  Overlord  
  90  7:39  Overlord  
  90  7:45  Zergling x2  
  90  7:46  Zergling x2  
  90  7:47  Zergling x2  
  92  7:52  Zergling x2  
  92  7:53  Roach  
  92  7:55  Roach  
  97  7:58  Drone  
  97  7:59  Drone  
  97  8:01  Ravager x2  
  97  8:02  Ravager x2  
  97  8:04  Drone  
  104  8:08  Hatchery  
  104  8:11  Overlord  
  105  8:12  Ravager x2  
  105  8:15  Roach x2  
  105  8:17  Roach  
  111  8:20  Roach  
  111  8:22  Roach  
  111  8:23  Roach  
  111  8:26  Roach  
  115  8:36  Overlord  
  115  8:39  Roach  
  115  8:40  Drone x3, Roach  
  122  8:41  Drone  
  122  8:42  Infestation Pit  
  122  8:45  Roach x2  
  122  8:47  Drone  
  127  8:56  Zerg Ground Armor Level 2  
  127  8:59  Drone x2  
  127  9:00  Drone  
  130  9:05  Drone x2  
  130  9:06  Drone x4  
  136  9:11  Glial Reconstitution  
  136  9:15  Roach  
  136  9:16  Spore Crawler, Roach  
  139  9:21  Roach x3  
  147  9:24  Roach x2  
  147  9:27  Roach  
  147  9:29  Pathogen Glands  
  151  9:33  Overlord  
  150  9:41  Roach  
  145  9:53  Roach  
  145  9:55  Roach x2  
  145  9:56  Roach x2  
  145  9:58  Roach x2  
  145  9:59  Roach x2  
  156  10:00  Roach  
  156  10:01  Zerg Missile Weapons Level 2  
  156  10:04  Infestor  
  156  10:05  Extractor x2  
  156  10:06  Overlord  
  158  10:07  Overlord, Roach  
  158  10:11  Overlord  
  158  10:12  Spine Crawler  
  158  10:13  Overlord  
  159  10:18  Ravager  
  159  10:19  Ravager  
  159  10:24  Hatchery  
  158  10:30  Ravager x2, Roach  
  158  10:34  Roach x2  
  117  10:58  Roach x2  
  117  10:59  Roach x2  
  117  11:00  Roach  
  117  11:01  Infestor, Roach x2  
  117  11:03  Roach x2  
  117  11:04  Roach  
  118  11:06  Roach x7  
  118  11:09  Roach  
  132  11:13  Roach  
  132  11:14  Queen x2  
  138  11:19  Infestor  
  138  11:20  Roach x2  
  138  11:21  Roach  
  138  11:23  Roach  
  138  11:24  Hatchery  
  147  11:27  Ravager  
  147  11:29  Ravager  
  147  11:32  Ravager  
  150  11:33  Roach  
  150  11:34  Roach  
  142  11:40  Roach  
  142  11:42  Roach  
  142  11:45  Roach  
  144  11:47  Roach x3  
  144  11:50  Roach, Zergling x2  
  144  11:51  Roach  
  153  11:56  Roach x3  
  153  11:57  Roach x2  
  153  11:59  Roach  
  153  12:00  Roach  
  167  12:02  Roach  
  167  12:04  Roach  
  167  12:07  Roach  
  173  12:11  Roach  
  173  12:12  Roach  
  173  12:13  Roach  
  172  12:21  Roach x3  
  172  12:22  Ravager  
  177  12:26  Infestor  
  177  12:34  Infestor  
  177  12:36  Drone  
  171  12:44  Roach x2  
  171  12:45  Roach  
  171  12:48  Roach x2  
  171  12:50  Drone  
  182  12:57  Roach x2  
  188  12:58  Roach  
  188  13:02  Roach  
  185  13:06  Roach  
  185  13:10  Infestor  
  189  13:15  Infestor  
  189  13:16  Roach  
  188  13:21  Ravager x2  
  188  13:23  Roach x2  
  192  13:28  Roach  
  192  13:31  Roach  
  194  13:34  Drone  
  194  13:35  Drone  
  194  13:39  Infestor  
  186  13:48  Infestor  
  186  13:55  Roach  
  190  13:58  Roach x3  
  190  13:59  Roach  
  190  14:01  Zergling x2  
  197  14:11  Overlord  
  197  14:12  Overlord  
  197  14:20  Hive  
  192  14:31  Roach x2  
  192  14:32  Roach  
  192  14:36  Roach  
  192  14:37  Roach  
  192  14:38  Burrow  
  199  14:39  Overlord x2  
  194  15:07  Roach  
  194  15:08  Roach  
  181  15:23  Roach  
  182  15:41  Hatchery, Infestor  
  182  15:42  Infestor x2  
  174  16:18  Infestor  
  170  16:33  Roach x10  
  170  16:36  Zerg Ground Armor Level 3  
  170  16:38  Infestor x3  
  170  16:39  Infestor  
  190  16:41  Roach  
  190  16:43  Roach  
  190  16:46  Roach  
  190  16:55  Roach x5  
  190  16:56  Roach x2  
  174  17:26  Roach  
  174  17:27  Roach x3  
  174  17:28  Roach x2  
  180  17:31  Queen  
  180  17:32  Queen  
  174  17:38  Spine Crawler  
  174  17:39  Drone, Spine Crawler  
  153  18:07  Overlord  
Show
View Real Time Build Order
Export as new Build Order

TOP Terran 

Build Orders: 3 Rax Reaper, MMM Bio 

Get SALT Encoding   

  12  0:00  SCV  
  13  0:13  SCV  
  14  0:17  Supply Depot  
  14  0:25  SCV  
  15  0:39  SCV, Barracks  
  16  0:44  Refinery  
  16  0:51  SCV  
  18  1:04  SCV, Barracks  
  18  1:16  SCV  
  19  1:27  Reaper  
  19  1:28  Orbital Command  
  20  1:35  Barracks  
  20  1:45  Supply Depot  
  20  1:52  Refinery  
  20  1:54  Reaper  
  20  1:56  SCV  
  22  2:04  Reaper  
  23  2:08  SCV  
  24  2:20  SCV  
  25  2:27  Reaper  
  26  2:31  Reaper  
  26  2:32  SCV  
  28  2:45  SCV  
  28  2:48  Supply Depot  
  28  2:49  Reaper  
  31  3:00  Command Center  
  31  3:05  Reaper  
  31  3:10  SCV, Reaper  
  33  3:22  SCV  
  33  3:23  Reaper  
  35  3:31  Command Center  
  35  3:37  Reaper  
  35  3:39  SCV  
  36  3:42  Reaper  
  36  3:47  Supply Depot  
  37  3:51  SCV  
  38  3:55  Reaper  
  38  4:03  SCV  
  38  4:09  Reaper  
  39  4:10  Barracks  
  39  4:12  Barracks  
  39  4:14  Reaper  
  39  4:27  Reaper  
  39  4:30  SCV  
  39  4:31  Orbital Command  
  40  4:41  Reaper  
  40  4:42  SCV  
  41  4:46  Reaper  
  41  4:47  Orbital Command  
  42  4:53  Factory  
  43  5:00  Reaper  
  43  5:01  SCV  
  43  5:04  SCV  
  45  5:10  Barracks Tech Lab x2  
  45  5:16  SCV  
  45  5:24  Reaper  
  45  5:27  SCV  
  45  5:38  Reaper  
  45  5:40  SCV  
  45  5:43  Reaper  
  45  5:45  Marine  
  45  5:46  Combat Shields  
  45  5:47  SCV  
  45  5:49  Refinery  
  48  5:50  Refinery  
  48  5:52  SCV  
  47  5:59  SCV  
  47  6:00  Marine  
  47  6:01  Marauder  
  47  6:03  Marine  
  52  6:04  SCV  
  52  6:10  Marine  
  50  6:11  SCV  
  50  6:14  Starport  
  50  6:15  Marine  
  50  6:16  SCV  
  50  6:18  Barracks x2  
  52  6:20  Engineering Bay  
  52  6:21  Factory Reactor  
  52  6:23  Engineering Bay  
  52  6:24  SCV  
  52  6:25  Supply Depot  
  53  6:28  SCV  
  53  6:32  Marine x2  
  54  6:33  Marauder, Marine  
  54  6:35  SCV  
  54  6:36  SCV  
  54  6:39  Marine  
  62  6:40  SCV  
  63  6:47  SCV  
  63  6:48  SCV  
  63  6:51  Marauder  
  63  6:53  SCV  
  69  6:54  Stimpack, Marauder  
  69  6:58  Marine  
  69  6:59  SCV  
  69  7:00  SCV  
  74  7:05  SCV  
  74  7:08  Barracks Reactor  
  72  7:12  Marauder  
  72  7:13  SCV  
  72  7:15  Factory Tech Lab  
  69  7:16  Marauder  
  69  7:21  Marine x2  
  70  7:23  Marine  
  70  7:28  Orbital Command  
  70  7:33  Medivac x2  
  70  7:34  Marauder  
  77  7:37  Marauder  
  77  7:39  Marine x2  
  77  7:41  Marine  
  79  7:46  Marine  
  79  7:47  Marine  
  79  7:50  Terran Infantry Weapons Level 1  
  81  7:51  Terran Infantry Armor Level 1  
  81  7:55  Marauder  
  81  7:56  Marine  
  81  7:57  Orbital Command, Marine  
  81  7:58  Marine x2  
  85  8:08  Supply Depot  
  85  8:09  Supply Depot, Marine x2  
  85  8:12  SCV  
  88  8:14  Marine x2  
  88  8:16  Marine  
  88  8:17  Marauder  
  93  8:25  Refinery  
  93  8:29  Marine  
  93  8:31  Supply Depot  
  96  8:34  Marauder  
  96  8:37  Marine x2  
  96  8:38  Marauder  
  96  8:39  Marine  
  101  8:45  Medivac x2  
  101  8:47  SCV x2  
  105  8:49  SCV  
  109  8:55  Marauder  
  109  8:57  Barracks Reactor  
  109  8:58  Marine x2  
  109  8:59  SCV  
  109  9:00  Barracks Reactor x2  
  111  9:03  SCV x2  
  111  9:05  Refinery x2  
  111  9:08  Supply Depot  
  113  9:10  Supply Depot  
  113  9:11  SCV  
  113  9:12  Marine  
  113  9:15  Medivac  
  117  9:24  Supply Depot  
  117  9:30  Siege Tank, Marine x4  
  124  9:32  Supply Depot, Medivac  
  124  9:33  Supply Depot  
  124  9:37  Marine x2  
  119  9:47  Marine x3  
  119  9:48  Marine  
  119  9:52  Marine  
  118  9:53  Marine x3  
  118  9:55  Marine  
  118  9:56  Marine  
  113  10:02  Siege Tank, Medivac x2  
  113  10:05  Marine x2  
  113  10:06  Marauder x2  
  122  10:08  Armory  
  122  10:10  Marine  
  122  10:11  Marine x3  
  122  10:13  Marine  
  122  10:14  Marine  
  121  10:23  Marine x2  
  121  10:24  Concussive Shells  
  121  10:27  Marauder, Marine x2  
  127  10:32  Marine x2  
  129  10:41  Marine x2  
  124  10:43  Marine  
  124  10:46  Marauder  
  124  10:48  Marine  
  124  10:49  Marine, Marauder  
  111  10:50  Marine  
  104  10:58  Marine x4  
  104  10:59  Medivac  
  104  11:01  SCV x2  
  104  11:02  SCV  
  104  11:08  Marine x3  
  109  11:12  Terran Infantry Weapons Level 2  
  109  11:13  SCV, Terran Infantry Armor Level 2  
  108  11:19  Marine  
  108  11:20  Marauder x2  
  108  11:21  Marine x2  
  108  11:24  Medivac  
  108  11:25  Marine x2  
  119  11:39  Marine x2  
  113  11:41  Marauder x2  
  113  11:46  Marine  
  104  11:47  Marine x3  
  104  11:48  Medivac, Marine  
  110  11:54  Medivac  
  110  11:59  Marine x3  
  110  12:00  Orbital Command  
  114  12:02  Marauder, Marine  
  114  12:04  Marine  
  114  12:05  Marine x4  
  117  12:16  Marine x2  
  117  12:17  Marine  
  117  12:18  Medivac  
  117  12:20  Marine  
  117  12:22  Marine, Orbital Command  
  107  12:23  Siege Tank, Marine x4  
  107  12:24  Medivac, Marauder  
  118  12:34  Marine x3  
  121  12:38  Marine  
  121  12:40  Orbital Command, Marine  
  121  12:41  Marine x4  
  126  12:48  Marine  
  109  12:52  Marine x3  
  109  12:56  Marauder  
  114  12:59  Marine x3  
  114  13:02  Marine  
  118  13:07  Marauder  
  113  13:22  Marauder, Marine x2  
  113  13:23  Marine  
  113  13:25  Marine x3  
  121  13:29  Marine  
  115  13:48  Marine x4  
  112  13:53  Marine  
  117  13:59  Orbital Command  
  117  14:01  Marine  
  102  14:21  Marine x5  
  107  14:31  Marine  
  106  14:48  Orbital Command  
  106  14:51  Medivac  
  104  14:57  Marine  
  104  14:58  Marine  
  101  15:19  Orbital Command  
  101  15:30  Siege Tank  
  94  15:59  Marine  
  94  16:00  Marauder  
  94  16:02  Marine  
  94  16:03  Marauder, Marine x2  
  102  16:05  Marine  
  102  16:06  Marine  
  104  16:17  Marine x3  
  96  16:20  Marine x2  
  98  16:31  Marine  
  101  16:33  Siege Tank  
  101  16:34  Marauder  
  100  16:43  Marine  
  100  16:44  Marine  
  40  17:38  Orbital Command  
  14  18:09  Starport Tech Lab  
Tags
 
Add a new tag
Caveats
  • Supply blocks, unpowered buildings, or Contaminate may cause inaccurate times.
  • Supply counts are checked every 10 seconds.